 Dungeon Crawl Stone Soup version 0.29.0-11-gd7f09526c8 (webtiles) character file.

Game seed: 910651660350702398

2910 greenreed the Nimble (level 9, -2/66 HPs)
             Began as a Gnoll Monk on Sept 3, 2022.
             Was a Believer of Hepliaklqana.
             Shot with an arrow by a centaur warrior (16 damage)
             ... on level 8 of the Dungeon.
             The game lasted 00:19:29 (8019 turns).

greenreed the Nimble (Gnoll Monk)                   Turns: 8019, Time: 00:19:29

Health: -2/66      AC: 15    Str: 21    XL:     9   Next: 78%
Magic:  16/16      EV: 13    Int: 14    God:    Hepliaklqana [**....]
Gold:   315        SH:  5    Dex: 14    Spells: 12/17 levels left

rFire   . . .      SeeInvis .   N - +0 whip (venom)
rCold   . . .      Faith    .   (no shield)
rNeg    . . .      Spirit   .   j - +0 scale mail
rPois   .          Reflect  +   F - +0 helmet
rElec   +          Harm     .   (no cloak)
rCorr   .          Rampage  .   u - +2 pair of gloves "Ynwuacyl" {rElec}
Will    .....                   (no boots)
Stlth   ++........              l - amulet of Cuugiseo {Reflect Int+4 SH+5}
HPRegen 0.21/turn               d - +6 ring of strength
MPRegen 0.15/turn               r - +4 ring of protection

@: no status effects
A: reduced essence, fangs 1, strong nose, distributed training
a: Renounce Religion, Recall Ancestor, Ancestor Identity


You were on level 8 of the Dungeon.
You worshipped Hepliaklqana.
Hepliaklqana was pleased with you.
You visited 2 branches of the dungeon, and saw 9 of its levels.

You collected 341 gold pieces.
You spent 26 gold pieces at shops.

Inventory:

Hand Weapons
 a - a +0 mace
 N - a +0 whip of venom (weapon)
Missiles
 n - 4 curare-tipped darts (quivered)
 t - 3 throwing nets
 L - 4 poisoned darts
Armour
 b - a +0 robe
 j - a +0 scale mail (worn)
 k - a +1 pair of gloves
 u - the +2 pair of gloves "Ynwuacyl" (worn) {rElec}
   (You found it on level 4 of the Dungeon)

   rElec:     It insulates you from electricity.
 F - a +0 helmet (worn)
Jewellery
 d - a +6 ring of strength (left hand)
 l - the amulet of Cuugiseo (around neck) {Reflect Int+4 SH+5}
   (You found it on level 2 of the Dungeon)

   [amulet of reflection]

   It reflects blocked missile attacks.
   Int:       It affects your intelligence (+4).
   SH:        It affects your SH (+5).
 r - a +4 ring of protection (right hand)
 C - a ring of flight
 E - an amulet of the acrobat
 J - a ring of positive energy
Wands
 v - a wand of polymorph (9)
 x - a wand of charming (9)
 K - a wand of flame (10)
 M - a wand of roots (4)
Scrolls
 e - 2 scrolls of enchant armour
 g - 2 scrolls of teleportation
 h - a scroll of blinking
 i - 4 scrolls of vulnerability
 m - 2 scrolls of silence
 o - 3 scrolls of enchant weapon
 p - a scroll of summoning
 y - a scroll of noise {unknown}
 z - a scroll of amnesia {unknown}
 A - a scroll of magic mapping {unknown}
 B - 2 scrolls of poison
 D - a scroll of torment
 G - a scroll of fear {unknown}
 H - a scroll of brand weapon {unknown}
Potions
 c - a potion of ambrosia
 f - 2 potions of flight
 q - 2 potions of curing
 s - a potion of lignification {unknown}
 w - 3 potions of heal wounds


   Skills:
 + Level 8.2 Fighting
 + Level 4.7 Short Blades
 + Level 4.7 Long Blades
 + Level 4.7 Axes
 + Level 8.2 Maces & Flails
 + Level 4.7 Polearms
 + Level 4.7 Staves
 + Level 4.7 Ranged Weapons
 + Level 4.7 Throwing
 + Level 4.7 Armour
 + Level 8.2 Dodging
 + Level 6.4 Stealth
 + Level 4.7 Shields
 + Level 4.7 Unarmed Combat
 + Level 4.7 Spellcasting
 + Level 3.9 Conjurations
 + Level 3.9 Hexes
 + Level 3.9 Summonings
 + Level 3.9 Necromancy
 + Level 3.9 Translocations
 + Level 3.9 Transmutations
 + Level 3.9 Fire Magic
 + Level 3.9 Ice Magic
 + Level 3.9 Air Magic
 + Level 3.9 Earth Magic
 + Level 3.9 Poison Magic
 + Level 5.2 Invocations
 + Level 4.7 Evocations


You had 12 spell levels left.
You knew the following spells:

 Your Spells              Type           Power      Damage    Failure   Level
a - Sandblast             Erth           28%        2d8       10%         1
b - Blink                 Tloc           28%        N/A       14%         2
c - Passwall              Tmut/Erth      11%        N/A       14%         2

Your spell library contained the following spells:

 Spells                   Type           Power      Damage    Failure   Level
 Sting                    Tmut/Pois      56%        1d5       10%         1
 Poisonous Vapours        Pois/Air       28%        N/A       14%         2
 Lesser Beckoning         Tloc           14%        N/A       28%         3
 Ozocubu's Armour         Ice            14%        N/A       28%         3
 Stone Arrow              Conj/Erth      28%        3d8       28%         3
 Olgreb's Toxic Radiance  Pois           14%        N/A       67%         4
 Manifold Assault         Tloc           14%        N/A       95%         5
 Metabolic Englaciation   Hex/Ice        7%         N/A       95%         5
 Simulacrum               Ice/Necr       7%         N/A       100%        6
 Storm Form               Tmut/Air       7%         N/A       100%        7


Dungeon Overview and Level Annotations

Branches:
Dungeon (8/15)             Temple (1/1) D:6
   Lair: D:8-11

Altars:
Ashenzari
Cheibriados
Dithmenos
Elyvilon
Fedhas
Gozag
Hepliaklqana
Kikubaaqudgha
Makhleb
Nemelex Xobeh
Okawaru
Qazlal
Sif Muna
Trog
Uskayaw
Vehumet
Wu Jian
Xom
Yredelemnul
Zin
The Shining One

Shops:
D:1 *   D:3 *   D:7 =**

Annotations:
D:8 Psyche


Innate Abilities, Weirdness & Mutations

Your life essence is reduced to manifest your ancestor. (-10% HP)
You have very sharp teeth.
Your uncanny sense of smell can sniff out nearby items.
Your experience applies equally to all skills.


Message History

The centaur warrior shoots an arrow.
The arrow hits you.
Things that are here:
a +0 war axe; a +0 ring mail; an orc corpse The centaur warrior shoots an arrow.
The arrow hits you!!
* * * LOW HITPOINT WARNING * * *
The orc wizard gestures wildly while chanting.
The orc wizard flickers and vanishes!
There is an open door, spattered with blood here.
The centaur warrior shoots an arrow.
The arrow barely misses you.
The centaur warrior shoots an arrow.
The arrow misses you.
Unknown command.
Unknown command.
Unknown command.
Unknown command.
Unknown command.
You close the door.
Casting: Sandblast (safe; 10% risk of failure)
Confirm with . or Enter, or press ? or * to list all spells.
Okay, then.
Something unseen opens the door.
The centaur warrior shoots an arrow.
The arrow completely misses you.
There is an open door here.
You close the door.
A centaur warrior opens the door.
The centaur warrior shoots an arrow.
The arrow hits you.
* * * LOW HITPOINT WARNING * * *
There is an open door, spattered with blood here.
The centaur warrior shoots an arrow.
The arrow hits you!
* * * LOW HITPOINT WARNING * * *
You close the door.
Okay, then.
You feel much better.
A centaur warrior breaks down the door.
The centaur warrior shoots an arrow.
The arrow hits you!
The centaur warrior shoots an arrow.
The arrow hits you.
The centaur warrior shoots an arrow.
The arrow hits you!
* * * LOW HITPOINT WARNING * * *
There is an open door, spattered with blood here.
The centaur warrior shoots an arrow.
The arrow completely misses you.
The centaur warrior shoots an arrow.
The arrow hits you!
You die...

#.......#..# ..
#########W#####
∆##8##...#
+..DW..## #8c8#.#.#
#8.8##### #8.8#
#### ##'##
.....###@#
.........#
#######.## #.#
###########
#.#######..........
#...).....#########
###########


You could see a five-headed hydra, a centaur warrior and a wraith.

Vanquished Creatures
  A wyvern (D:8)
  A yak (D:8)
  2 water moccasins
  An orc warrior (D:7)
  An ice beast (D:6)
  3 ogres
  A black bear (D:6)
  2 centaurs
  A kobold brigand (D:6)
  6 bullfrogs
  2 necrophages
  2 scorpions
  A jelly (D:6)
  2 hounds
  An orc priest (D:8)
  2 iguanas
  5 orc wizards
  7 gnolls (D:5)
  5 adders
  2 shadow imps (D:5)
  A white imp (D:6)
  A worm (D:2)
  4 dart slugs
  13 orcs
  4 bats
  5 endoplasms
  5 giant cockroaches
  5 goblins
  11 hobgoblins
  7 jackals (D:1)
  11 kobolds
  3 quokkas
  11 ball pythons
  6 frilled lizards
  5 rats
140 creatures vanquished.

Vanquished Creatures (collateral kills)
  A wyvern (D:8)
  A steam dragon (D:7)
  A water moccasin (D:7)
  Blork the orc (D:6)
  An orc wizard (D:7)
  A white imp (D:6)
  4 orcs
10 creatures vanquished.

Vanquished Creatures (others)
  A battlemage (D:8)
  An orc (D:7)
2 creatures vanquished.

Grand Total: 152 creatures vanquished

Notes
Turn   | Place    | Note
-------+----------+-------------------------------------------
     0 | D:1      | greenreed the Gnoll Monk began the quest for the Orb.
     0 | D:1      | Reached XP level 1. HP: 23/23 MP: 1/1
   159 | D:1      | Reached XP level 2. HP: 22/29 MP: 2/2
   458 | D:1      | Reached XP level 3. HP: 32/35 MP: 3/3
   653 | D:1      | Found Lovix's General Store.
   950 | D:2      | Reached skill level 1 in Invocations
  1050 | D:2      | Identified the amulet of Cuugiseo {Reflect Int+4 SH+5}
  1116 | D:2      | Found a faded altar of an unknown god.
  1216 | D:2      | Reached skill level 1 in Short Blades
  1216 | D:2      | Reached skill level 1 in Long Blades
  1216 | D:2      | Reached skill level 1 in Axes
  1216 | D:2      | Reached skill level 1 in Polearms
  1216 | D:2      | Reached skill level 1 in Staves
  1216 | D:2      | Reached skill level 1 in Ranged Weapons
  1216 | D:2      | Reached skill level 1 in Throwing
  1216 | D:2      | Reached skill level 1 in Armour
  1216 | D:2      | Reached skill level 1 in Shields
  1216 | D:2      | Reached skill level 1 in Unarmed Combat
  1216 | D:2      | Reached skill level 1 in Spellcasting
  1216 | D:2      | Reached skill level 1 in Evocations
  1465 | D:2      | Reached XP level 4. HP: 41/41 MP: 5/5
  1767 | D:3      | Found Hutokh's General Store.
  1778 | D:3      | Reached skill level 1 in Conjurations
  1778 | D:3      | Reached skill level 1 in Hexes
  1778 | D:3      | Reached skill level 1 in Summonings
  1778 | D:3      | Reached skill level 1 in Necromancy
  1778 | D:3      | Reached skill level 1 in Translocations
  1778 | D:3      | Reached skill level 1 in Transmutations
  1778 | D:3      | Reached skill level 1 in Fire Magic
  1778 | D:3      | Reached skill level 1 in Ice Magic
  1778 | D:3      | Reached skill level 1 in Air Magic
  1778 | D:3      | Reached skill level 1 in Earth Magic
  1778 | D:3      | Reached skill level 1 in Poison Magic
  1792 | D:3      | Bought a scroll of identify for 26 gold pieces
  2078 | D:3      | Reached XP level 5. HP: 44/47 MP: 7/7
  2523 | D:4      | Identified the +2 pair of gloves "Ynwuacyl" {rElec}
  2560 | D:4      | Noticed an ogre
  2686 | D:4      | Reached XP level 6. HP: 39/53 MP: 8/8
  3222 | D:5      | Entered Level 5 of the Dungeon
  3356 | D:5      | Found an ancient bone altar of Kikubaaqudgha.
  3356 | D:5      | Found a shadowy altar of Dithmenos.
  3416 | D:5      | Reached XP level 7. HP: 52/60 MP: 10/10
  3499 | D:5      | You fall into a shaft and drop 3 floors!
  3769 | D:8      | Reached skill level 5 in Stealth
  4088 | D:7      | HP: 2/60 [ogre/+0 giant club (8)]
  4389 | D:7      | Found Metifus's Assorted Antiques.
  4390 | D:7      | Noticed a steam dragon
  4578 | D:5      | Reached XP level 8. HP: 54/67 MP: 12/12
  6345 | D:6      | Found a staircase to the Ecumenical Temple.
  6581 | Temple   | Entered the Ecumenical Temple
  6581 | Temple   | Found a transporter.
  6581 | Temple   | Found a transporter.
  6583 | Temple   | Found a transporter.
  6583 | Temple   | Found a transporter.
  6624 | Temple   | Became a worshipper of Hepliaklqana the Forgotten
  6624 | Temple   | Reached * piety under Hepliaklqana
  6624 | Temple   | Reached ** piety under Hepliaklqana
  6626 | Temple   | Remembered your ancestor Lucia as a battlemage
  6782 | D:6      | Noticed Blork the orc
  6788 | D:6      | Killed Blork the orc
  7088 | D:6      | Learned a level 1 spell: Sandblast
  7135 | D:7      | Reached XP level 9. HP: 65/65 MP: 11/14
  7311 | D:7      | Found Dyumydgh's Jewellery Shop.
  7335 | D:7      | Found Ciuhi's Assorted Antiques.
  7941 | D:8      | Learned a level 2 spell: Blink
  7944 | D:8      | Learned a level 2 spell: Passwall
  7953 | D:8      | Reached skill level 5 in Invocations
  7990 | D:8      | Noticed a five-headed hydra
  7990 | D:8      | Noticed Psyche
  7991 | D:8      | Noticed a centaur warrior
  8012 | D:8      | HP: 2/66 [centaur warrior/arrow (11)]
  8019 | D:8      | Shot with an arrow by a centaur warrior

Illustrated notes

Levels and vault maps discovered:
D:1:      dpeg_arrival_leaves_temple_mockup, layout_basic, serial_rivers,
          chequers_serial_rivers_small_b, chequers_serial_rivers_small_b,
          chequers_serial_rivers_small_b, chequers_serial_rivers_micro_a,
          chequers_serial_rivers_micro_d, serial_shops, nicolae_lakefront_shop
D:2:      layout_loops_ring, serial_glass, glass_columns_a, glass_columns_b,
          glass_columns_b, glass_columns_a, glass_columns_b, glass_columns_b,
          dreamdust_ecumenical_altar_statues, kennysheep_cross_bottleneck
D:3:      layout_loops_ring, serial_shops, nicolae_diamond_shop,
          kennysheep_cluttered_room
D:4:      layout_cave_pools
D:5:      layout_layer_cave, grunt_temple_overflow_open
D:6:      layout_basic, minmay_temple_entry_waves,
          hangedman_abyss_or_decor_slice, minmay_misc_feat_diagonals,
          uniq_blork_the_orc
D:7:      layout_cave_pools, serial_shops, shop, shop, shop,
          chequers_serial_rivers_large_a, minivault_26
D:8:      minmay_chambers_of_sevens, layout_loops_ring, serial_shops, shop,
          uniq_joseph, uniq_psyche
Temple:   hellmonk_temple_divided_pantheon

Skill      XL: |  1  2  3  4  5  6  7  8  9 |
---------------+----------------------------+-----
Invocations    | 1 2 3 4 5 |  5.2
Short Blades   | 1 2 3 4 |  4.7
Long Blades    | 1 2 3 4 |  4.7
Axes           | 1 2 3 4 |  4.7
Polearms       | 1 2 3 4 |  4.7
Staves         | 1 2 3 4 |  4.7
Ranged Weapons | 1 2 3 4 |  4.7
Throwing       | 1 2 3 4 |  4.7
Armour         | 1 2 3 4 |  4.7
Shields        | 1 2 3 4 |  4.7
Unarmed Combat | 1 2 3 4 |  4.7
Spellcasting   | 1 2 3 4 |  4.7
Evocations     | 1 2 3 4 |  4.7
Conjurations   | 1 2 3 |  3.9
Hexes          | 1 2 3 |  3.9
Summonings     | 1 2 3 |  3.9
Necromancy     | 1 2 3 |  3.9
Translocations | 1 2 3 |  3.9
Transmutations | 1 2 3 |  3.9
Fire Magic     | 1 2 3 |  3.9
Ice Magic      | 1 2 3 |  3.9
Air Magic      | 1 2 3 |  3.9
Earth Magic    | 1 2 3 |  3.9
Poison Magic   | 1 2 3 |  3.9
Fighting       | 7 8 |  8.2
Maces & Flails | 7 8 |  8.2
Dodging        | 7 8 |  8.2
Stealth        | 5 6 |  6.4

Action                   |  1- 3 |  4- 6 |  7- 9 || total
-------------------------+-------+-------+-------++-------
Melee: Mace              |   107 |   165 |   245 ||   517
       Bite              |     8 |     9 |    40 ||    57
       Punch             |     1 |     4 |    10 ||    15
       Whip              |       |       |    85 ||    85
Throw: Dart              |       |     3 |     1 ||     4
 Cast: Sandblast         |       |       |     4 ||     4
Invok: Ancestor Life: Ba |       |       |     1 ||     1
       Ancestor Identity |       |       |     1 ||     1
  Use: Scroll            |       |     7 |     5 ||    12
       Potion            |       |       |     1 ||     1
 Stab: Sleeping          |     4 |     4 |       ||     8
Armor: Robe              |    10 |       |       ||    10
       Scale mail        |    12 |    72 |   135 ||   219
Dodge: Dodged            |    81 |    78 |   208 ||   367
Block: Other             |     6 |    44 |    61 ||   111
       Reflection        |       |     6 |     1 ||     7
